 Seeded DCSS version 0.31-a0-960-g0fca184906 (webtiles) character file.

Game seed: 20230927 (custom seed)

97 muata the Ruffian (level 4, 35/35 HPs)
             Began as a Draconian Shapeshifter on Sept 27, 2023.
             Quit the game on level 3 of the Dungeon on Oct 23, 2023.
             The game lasted 00:09:12 (1892 turns).

muata the Ruffian (Draconian Shapeshifter)          Turns: 1892, Time: 00:09:13

Health: 35/35      AC:  5    Str: 18    XL:     4   Next: 42%
Magic:  4/4        EV: 27    Int: 10    God:
Gold:   141        SH:  0    Dex: 11    Spells: 3/3 levels left

rFire   . .          .
                       - Unarmed
rCold   . . .        (no shield)
rNeg    . . .        (body armour unavailable)
rPois   .            (helmet currently unavailable)
rElec   .            (cloak currently unavailable)
rCorr   .            (gloves currently unavailable)
SInv    .            g - melded +0 pair of boots
Will    .....        e - amulet of the acrobat
Stlth   +            (no ring)
HPRegen 0.25/turn    (no ring)
MPRegen 0.09/turn

%: acrobat
@: beast-form, acrobatic
A: beast (slay +1), AC +5, unfitting armour, cold-blooded
a: Begin Untransformation


You were on level 3 of the Dungeon.
You were a hulking beast.
You visited 1 branch of the dungeon, and saw 3 of its levels.

You collected 141 gold pieces.

Inventory:

Missiles
 l - 10 javelins
 p - 3 poisoned darts
Armour
 g - a +0 pair of boots (melded)
Jewellery
 e - an amulet of the acrobat (around neck)
Talismans
 b - a beast talisman
 c - a flux talisman
Scrolls
 d - a scroll of poison {unknown}
 f - 5 scrolls of identify {unknown}
 h - 2 scrolls of teleportation {unknown}
 j - a scroll of blinking {unknown}
 k - 2 scrolls of amnesia {unknown}
 o - a scroll of immolation {unknown}
 q - a scroll of noise {unknown}
 r - a scroll of fog {unknown}
Potions
 a - 2 potions of lignification
 i - a potion of degeneration {unknown}
 m - a potion of invisibility {unknown}
 n - a potion of attraction {unknown}


   Skills:
 - Level 1.1 Fighting
 - Level 1.7 Dodging
 - Level 5.0 Unarmed Combat
 + Level 3.3 Shapeshifting


You had 3 spell levels left.
You didn't know any spells.
Your spell library was empty.

Dungeon Overview and Level Annotations

Branches:
Dungeon (3/15)

Altars:
Sif Muna


Innate Abilities, Weirdness & Mutations

You are a hulking beast.
Your limbs bulge with bestial killing power. (Slay +1)
Your plain brown scales are hard. (AC +5)
You cannot fit into any form of body armour.
You are cold-blooded and may be slowed by cold attacks.


Message History

Found 3 gold pieces.
There is an open door here.
You now have 141 gold pieces (gained 3).
Found a mace.
Found a shimmering blue altar of Sif Muna.
Found a stone staircase leading up.
There is a stone staircase leading up here.
You open the door.
There is an open door here.
A goblin comes into view. It is wielding a +0 dagger.
Found a dagger.
The goblin shouts!
The goblin completely misses you. The goblin closely misses you.
You punch the goblin!
You kill the goblin!
Things that are here:
a +0 dagger; a goblin corpse You open the door.
There is an open door here.
Found a stone staircase leading down.
Things that are here:
a +0 dagger; a +0 scale mail
There is an open door here.
There is an open door here.
You open the door.
There is an open door here.
There is an open door here.
You open the door.
There is an open door here.
There is an open door here.
Done exploring.
Done exploring.
Welcome back, muata the Draconian Shapeshifter.
Game seed: 20230927 (custom seed) Press ? for a list of commands and other information.
Welcome back, muata the Draconian Shapeshifter.
Game seed: 20230927 (custom seed) Press ? for a list of commands and other information.
Are you sure you want to abandon this character and quit the game? (Confirm with "yes".)

#.##...# #..####
#.##.#.# #..# #.
#####.##.#.#####..# ##
##........#...(....# #.
#......#..###.###..###.
#...>..................
#......................
#......#..###.####.###.
####+#h#..# #.# #...#.
#.#..÷.# #.####÷###.
#......###......###.
###.................
#.##.######.......
######.##.# #.....##
#...##.##.######.....##
#...##.....#.....#'##..
#...'..............####


There were no monsters in sight!

Vanquished Creatures
  2 adders
  3 dart slugs
  6 orcs
  4 ball pythons
  5 bats
  9 endoplasms
  A giant cockroach (D:2)
  11 goblins
  9 hobgoblins
  2 frilled lizards
  2 kobolds
  6 rats
60 creatures vanquished.

Notes
Turn   | Place    | Note
-------+----------+-------------------------------------------
     0 | D:1      | muata the Draconian Shapeshifter began the quest for the
                  | Orb.
     0 | D:1      | Reached XP level 1. HP: 16/16 MP: 1/1
   117 | D:1      | Reached XP level 2. HP: 23/23 MP: 2/2
   272 | D:1      | Reached skill level 4 in Unarmed Combat
   454 | D:2      | Reached XP level 3. HP: 25/28 MP: 3/3
  1189 | D:2      | Reached XP level 4. HP: 34/35 MP: 4/4
  1308 | D:3      | Reached skill level 5 in Unarmed Combat
  1684 | D:3      | Found a shimmering blue altar of Sif Muna.
  1892 | D:3      | Upgraded the game from 0.31-a0-836-g3ceb0a68c4 to
                  | 0.31-a0-960-g0fca184906
  1892 | D:3      | Quit the game

Illustrated notes

Levels and vault maps discovered:
D:1:      onia_arrival_mini_spirals, layout_rooms
D:2:      wander_river, layout_basic, guppyfry_early_orc_mine
D:3:      layout_basic, lemuel_round_altar, palyth_stone_intersect

Skill      XL: |  1  2  3  4 |
---------------+-------------+-----
Unarmed Combat | 4 5 |  5.0
Fighting       | |  1.1
Dodging        | |  1.7
Shapeshifting  | |  3.3

Action                     |  1- 3 |  4- 6 || total
---------------------------+-------+-------++-------
  Melee: Unarmed           |   100 |    33 ||   133
         Tailslap          |     8 |     1 ||     9
         Punch             |     2 |       ||     2
 Armour: Skin              |    45 |     8 ||    53
  Dodge: Dodged            |    64 |    24 ||    88
         Form:             |     1 |       ||     1
         Beast             |     1 |       ||     1

Table legend: (Time is in decaauts)
 A = Elapsed time spent in this place.
 B = Non-inter-level travel time spent in this place.
 C = Inter-level travel time spent in this place.
 D = Time resting spent in this place.
 E = Time spent auto-exploring this place.
 F = Levels seen in this place.
 G = Mean time per level.
                   A        B        C        D        E       F      G
               +--------+--------+--------+--------+--------+-----+--------+
         Total |   1914 |   1827 |     87 |      0 |   1292 |   3 |  638.0 |
       Dungeon |   1914 |   1827 |     87 |      0 |   1292 |   3 |  638.0 |
               +--------+--------+--------+--------+--------+-----+--------+

Top non-repeatable levels by time:
     D:2: 862 daAuts
     D:3: 606 daAuts
     D:1: 445 daAuts
